 Dungeon Crawl Stone Soup version 0.29.1-15-g9cfb28693d (webtiles) character file.

Game seed: 4454830039676833499

1977 croobank the Covert (level 9, -6/53 (62) HPs)
             Began as an Octopode Delver on Mar 12, 2023.
             Mangled by a wight
             ... wielding a +4 dagger
              (7 damage)
             ... on level 5 of the Dungeon.
             The game lasted 00:20:32 (9395 turns).

croobank the Covert (Octopode Delver)               Turns: 9395, Time: 00:20:32

HP:   -6/53 (62)    AC:  1    Str: 11    XL:     9   Next: 20%
MP:   17/23         EV: 15    Int: 16    God:
Gold: 406           SH:  0    Dex: 14    Spells: 10/15 levels left

rFire   . . .      SeeInvis .   c - +2 dagger (speed)
rCold   . . .      Faith    .   (no shield)
rNeg    . . .      Spirit   .   (helmet restricted)
rPois   .          Reflect  .   (no amulet)
rElec   .          Harm     .   g - ring of magical power
rCorr   +          Rampage  .   B - ring of resist corrosion
Will    +....                   D - ring of willpower
Stlth   +++++.....              (no ring)
HPRegen 0.17/turn               (no ring)
MPRegen 0.18/turn               (no ring)
                                (no ring)
                                (no ring)

@: brilliant, heavily drained
A: almost no armour, amphibious, 8 rings, camouflage 1, gelatinous body 1,
(nimble swimmer 1), tentacles
a: no special abilities


You were on level 5 of the Dungeon.
You visited 1 branch of the dungeon, and saw 9 of its levels.

You collected 406 gold pieces.

Inventory:

Hand Weapons
 a - a +0 war axe
 c - a +2 dagger of speed (weapon)
 d - a +0 sling
 e - a +1 flail of draining
 k - a +0 morningstar of flaming
 n - a +2 scimitar
 o - a +0 long sword
 y - a +0 shortbow
 A - a +0 vorpal quarterstaff
 C - a +3 short sword
Missiles
 E - a curare-tipped dart (quivered)
Armour
 w - an orb of light
Jewellery
 g - a ring of magical power (left tentacle)
 l - a ring of positive energy
 B - a ring of resist corrosion (right tentacle)
 D - a ring of willpower (on tentacle)
Wands
 f - a wand of digging (3)
 i - a wand of polymorph (9)
 F - a wand of mindburst (11)
Scrolls
 b - 2 scrolls of fog
 h - a scroll of enchant armour
 m - a scroll of vulnerability
 q - 2 scrolls of magic mapping
Potions
 p - a potion of invisibility
 s - 2 potions of mutation {unknown}
 t - 2 potions of flight {unknown}
 u - a potion of lignification {unknown}
 v - a potion of cancellation {unknown}
 x - a potion of ambrosia {unknown}
 z - a potion of attraction {unknown}


   Skills:
 - Level 5.9 Fighting
 - Level 5.5 Axes
 - Level 5.4 Dodging
 - Level 10.0 Stealth
 * Level 3.6 Spellcasting
 * Level 2.9 Summonings


You had 10 spell levels left.
You knew the following spells:

 Your Spells              Type           Power      Damage    Failure   Level
a - Ensorcelled Hibernat  Hex/Ice        8%         N/A       26%         2
b - Call Canine Familiar  Summ           18%        N/A       16%         3

Your spell library contained the following spells:

 Spells                   Type           Power      Damage    Failure   Level
 Passwall                 Tmut/Erth      3%         N/A       26%         2
 Portal Projectile        Hex/Tloc       8%         N/A       45%         3
 Swiftness                Air            4%         N/A       45%         3
 Leda's Liquefaction      Hex/Erth       2%         N/A       86%         4


Dungeon Overview and Level Annotations

Branches:
Dungeon (9/15)
 Temple: D:4-7         Lair: D:8-11         Orc: D:9-12

Altars:
Dithmenos
Elyvilon
Fedhas
Hepliaklqana
Okawaru
Sif Muna
The Shining One

Shops:
D:6 [

Annotations:
D:5 1 runed translucent door, GigaChad's ghost, novice MiFi


Innate Abilities, Weirdness & Mutations

You cannot wear most types of armour.
You are amphibious.
You can wear up to eight rings at the same time.
Your skin changes colour to match your surroundings (Stealth+).
Your rubbery body absorbs attacks. (AC +1, EV +1)
((You are camouflaged when in or above water. (Stealth+)))
You have tentacles for arms and can constrict up to eight enemies at once.


Message History

You climb downwards.
The wight barely misses you. The wight hits you with a +0 hand axe.
You feel drained.
There is a stone staircase leading up here.
The wight hits you with a +4 dagger. The wight hits you with a +0 hand axe!
You feel drained.
You climb upwards.
Level annotation: 1 runed translucent door, GigaChad's ghost, novice MiFi
There is a stone staircase leading down, spattered with blood here.
The wight attacks as you move away! The wight hits you with a +0 hand axe!
Casting: Call Canine Familiar (dangerous; 16% risk of failure)
Confirm with . or Enter, or press ? or * to list all spells.
You don't know that spell.
Casting: Call Canine Familiar (dangerous; 16% risk of failure)
Confirm with . or Enter, or press ? or * to list all spells.
The wight hits you with a +4 dagger!
Your hound bites the wight.
You see here 4 stones.
It was a potion of brilliance.
You feel clever all of a sudden.
Your hound closely misses the wight.
The wight completely misses you.
Your hound bites the wight but does no damage.
Casting: Call Canine Familiar (dangerous; 16% risk of failure)
Confirm with . or Enter, or press ? or * to list all spells.
You feel a surge of power!
Your hound disappears in a puff of smoke!
The wight misses you. The wight attacks as you move away!
The wight closely misses you.
Your hound bites the wight but does no damage. x2
The wight attacks as you move away! The wight hits you with a +4 dagger!
* * * LOW HITPOINT WARNING * * *
The wight hits something with a +0 hand axe.
Casting: Call Canine Familiar (dangerous; 16% risk of failure)
Confirm with . or Enter, or press ? or * to list all spells.
You feel a surge of power!
Your hound disappears in a puff of smoke!
The wight hits you with a +4 dagger!
* * * LOW HITPOINT WARNING * * *
You feel drained. The wight attacks as you move away!
The wight hits you with a +4 dagger!
You die...

### ###.. ###### ######....
#....# #...##.#.# #....#
#...##.#.# #....#
#......#.# #....#
####...Y..#.# ###....##
#.........#.# #.....@.#
#.##....#.#..
#.##h##z###.##.........
#......ยง....#####.#.#.#
####.##(###............
#.##.#####.###.#.#.#
########.##.#.8.#..........
#.)........>#.?.#..........
#######.....##+##..........
#######...........###...###


You could see a wight and a friendly hound (summoned).

Vanquished Creatures
  A steam dragon (D:8)
  Edmund (D:4)
  4 ice beasts
  3 centaurs
  4 phantoms
  A kobold brigand (D:6)
  A bullfrog (D:3)
  2 scorpions
  2 wights (D:5)
  A howler monkey (D:5)
  3 jellies
  An orc priest (D:9)
  3 iguanas (D:4)
  An orc wizard (D:4)
  Terence (D:3)
  9 adders
  A shadow imp (D:5)
  4 white imps
  A worm (D:2)
  4 dart slugs
  10 orcs
  7 endoplasms
  3 giant cockroaches
  9 goblins
  11 hobgoblins
  5 kobolds
  3 quokkas
  5 ball pythons
  5 bats
  4 frilled lizards
  An orc zombie (D:6)
  8 rats
119 creatures vanquished.

Vanquished Creatures (others)
  2 withered plants (D:5)
2 creatures vanquished.

Grand Total: 121 creatures vanquished

Notes
Turn   | Place    | Note
-------+----------+-------------------------------------------
     0 | D:5      | croobank the Octopode Delver began the quest for the Orb.
     0 | D:5      | Reached XP level 1. HP: 16/16 MP: 1/1
     1 | D:6      | Noticed a centaur
    43 | D:5      | Noticed a phantom
   288 | D:5      | Reached XP level 2. HP: 12/21 MP: 2/2
   523 | D:5      | Noticed a phantom
   745 | D:2      | Reached XP level 3. HP: 26/26 MP: 3/3
   882 | D:1      | Reached skill level 7 in Stealth
  1674 | D:2      | Reached XP level 4. HP: 23/31 MP: 4/4
  2874 | D:3      | Noticed a bullfrog
  2880 | D:3      | Killed a bullfrog
  2881 | D:3      | Reached XP level 5. HP: 26/37 MP: 5/5
  3183 | D:3      | Noticed Terence
  3191 | D:3      | Killed Terence
  3306 | D:3      | Found a hazy altar of Hepliaklqana.
  3309 | D:3      | Found a blossoming altar of Fedhas.
  3550 | D:4      | Noticed Edmund
  3676 | D:4      | Killed Edmund
  3677 | D:4      | Reached skill level 8 in Stealth
  3677 | D:4      | Reached XP level 6. HP: 23/43 MP: 6/6
  3997 | D:4      | Reached XP level 7. HP: 34/49 MP: 7/7
  4254 | D:4      | Found a shadowy altar of Dithmenos.
  4484 | D:4      | Found a shimmering blue altar of Sif Muna.
  4484 | D:4      | Found an iron altar of Okawaru.
  5280 | D:5      | Reached skill level 5 in Fighting
  5280 | D:5      | Reached skill level 9 in Stealth
  5381 | D:5      | Found a white marble altar of Elyvilon.
  5402 | D:5      | Found a runed translucent door.
  5427 | D:5      | Noticed GigaChad's ghost (novice MiFi)
  5448 | D:5      | Reached XP level 8. HP: 31/55 MP: 8/8
  5865 | D:6      | Noticed a wyvern
  6194 | D:6      | Reached skill level 5 in Axes
  6194 | D:6      | Reached skill level 5 in Dodging
  6469 | D:8      | Found a glowing golden altar of the Shining One.
  6469 | D:8      | Noticed a yak
  6470 | D:8      | Noticed a yak
  6757 | D:8      | Reached skill level 1 in Spellcasting
  7096 | D:6      | Reached skill level 10 in Stealth
  7235 | D:6      | Noticed a two-headed ogre
  7240 | D:6      | Learned a level 2 spell: Ensorcelled Hibernation
  7680 | D:5      | Learned a level 3 spell: Call Canine Familiar
  7971 | D:5      | Reached skill level 1 in Summonings
  8106 | D:6      | Found Qobeps's Armour Boutique.
  8184 | D:6      | Reached XP level 9. HP: 36/62 MP: 13/13
  9394 | D:5      | HP: 1/54 [wight/+4 dagger (9)]
  9395 | D:5      | Mangled by a wight

Illustrated notes

Levels and vault maps discovered:
D:1:      minmay_arrival_four_houses, layout_basic
D:2:      layout_basic, minmay_misc_feat_diagonals
D:3:      layout_loops_ring, jmf_multi_god_temple, uniq_terence
D:4:      layout_cave_pods, mainiacjoe_overflow_cross_hatched,
          nicolae_overflow_two_pavilions, uniq_edmund
D:5:      layout_basic, mainiacjoe_overflow_tiny_flanked, gammafunk_ghost_grave,
          minmay_misc_feat_room, dreamdust_wishing_well
D:6:      layout_cave_pools, nicolae_ossuary_entry_giza, serial_shops,
          nicolae_square_shop
D:7:      layout_loops_corners, lemuel_crystal_altar,
          minmay_temple_entry_proselytizer, serial_park_tiny_pond, minivault_19,
          the_hattery
D:8:      layout_basic, nicolae_tso_besieged_by_evil, reono_crystal_passage,
          minmay_starry_boxes
D:9:      layout_basic, lemuel_round_altar, orc_0_dummy, uniq_erolcha

Skill      XL: |  1  2  3  4  5  6  7  8  9 |
---------------+----------------------------+-----
Stealth        | 7 8 9 10 | 10.0
Axes           | 3 4 5 |  5.5
Dodging        | 3 4 5 |  5.4
Fighting       | 4 5 |  5.9
Spellcasting   | 3 |  3.6
Summonings     | 1 2 |  2.9

Action                   |  1- 3 |  4- 6 |  7- 9 || total
-------------------------+-------+-------+-------++-------
Melee: Hand axe          |    46 |    31 |       ||    77
       Constrict         |    12 |    16 |    23 ||    51
       Tentacles         |     8 |    20 |    55 ||    83
       Dagger            |       |    54 |   207 ||   261
       Punch             |       |     1 |     5 ||     6
 Cast: Call Canine Famil |       |       |    10 ||    10
Evoke: Wand              |       |       |    11 ||    11
  Use: Scroll            |       |     6 |    10 ||    16
       Potion            |       |     4 |     4 ||     8
 Stab: Sleeping          |    17 |    19 |     6 ||    42
       Distracted        |       |       |     2 ||     2
       Paralysed         |       |       |     1 ||     1
Armor: Skin              |     9 |     2 |     6 ||    17
Dodge: Dodged            |    23 |    50 |   122 ||   195
